 Dungeon Crawl Stone Soup version 0.19-a0-644-gd04d753 (webtiles) character file.

145700 pk666 the Tortoise (level 16, -1/157 HPs)
             Began as a Minotaur Berserker on June 15, 2016.
             Was the Champion of Trog.
             Shot with an arrow by a deep elf archer (10 damage)
             ... on level 2 of the Elven Halls.
             The game lasted 01:51:50 (37768 turns).

pk666 the Tortoise (Minotaur Berserker)            Turns: 37768, Time: 01:51:51

Health: -1/157     AC: 35    Str: 27    XL:     16   Next: 87%
Magic:  0/15       EV: 16    Int:  4    God:    Trog [******]
Gold:   3715       SH:  0    Dex: 12    Spells: 0 memorised, 15 levels left

rFire  . . .     SeeInvis .     P - +7 executioner's axe (venom)
rCold  + . .     Gourm    +     m - +8 plate armour {rC+}
rNeg   . . .     Faith    .     (shield currently unavailable)
rPois  .         Spirit   +     S - +2 hat {Spirit}
rElec  .         Dismiss  .     B - +2 cloak
rCorr  +         Reflect  .     y - +2 pair of gloves
SustAt +         Harm     .     (no boots)
MR     +....                    o - amulet of the gourmand
Stlth  ..........               t - ring of sustain attributes
                                w - ring of resist corrosion

@: about to teleport, very slightly contaminated, drained, somewhat resistant to
hostile enchantments, extremely unstealthy
A: retaliatory headbutt, horns 2
a: Berserk, Trog's Hand, Brothers in Arms, Burn Spellbooks, Renounce Religion


You were on level 2 of the Elven Halls.
You worshipped Trog.
Trog was exalted by your worship.
You were completely stuffed.

You visited 4 branches of the dungeon, and saw 25 of its levels.
You also visited: Ossuary.

You collected 3959 gold pieces.
You spent 244 gold pieces at shops.

Inventory:

Hand Weapons
 P - a +7 executioner's axe of venom (weapon)
Armour
 m - a +8 plate armour of cold resistance (worn)
 x - a +0 chain mail
 y - a +2 pair of gloves (worn)
 z - the +1 scale mail of Fashionability {+Blink Dex-4 SInv}
   (You found it on level 1 of the Lair of Beasts)

   It affects your dexterity (-4).
   It lets you see invisible.
   It lets you blink.
 B - a +2 cloak (worn)
 S - a +2 hat of spirit shield (worn)
Jewellery
 e - an uncursed ring of protection from fire
 i - an uncursed amulet of regeneration
 o - an amulet of the gourmand (around neck)
 t - a ring of sustain attributes (right hand)
 w - a ring of resist corrosion (left hand)
 A - an uncursed ring of ice
 N - an uncursed ring of magical power
Wands
 b - a wand of iceblast (3/15)
 g - a wand of lightning (2/15)
 v - a wand of disintegration (11/24)
 H - a wand of digging (23/24)
 J - a wand of digging (14/24)
Scrolls
 k - 11 scrolls of remove curse
 l - a scroll of summoning {unknown}
 n - 8 scrolls of identify
 p - 2 scrolls of magic mapping
 F - 2 scrolls of blinking
 L - 5 scrolls of teleportation
 R - 3 scrolls of fog
 U - 3 scrolls of fear
 W - 4 scrolls of recharging
Potions
 a - a potion of resistance {unknown}
 d - 17 potions of curing
 h - 4 potions of brilliance
 q - a potion of cure mutation
 s - 5 potions of haste
 u - 2 potions of invisibility
 E - 6 potions of might
 I - 2 potions of berserk rage
 M - a potion of flight
 V - a potion of ambrosia {unknown}
 Z - 2 potions of cancellation {unknown}
Books
 G - a book of Callings

   Spells                             Type                      Level
   a - Summon Small Mammal            Summoning                    1
   b - Call Imp                       Summoning                    2
   c - Call Canine Familiar           Summoning                    3
   d - Summon Guardian Golem          Hexes/Summoning              3
   e - Summon Lightning Spire         Summoning/Air                4
   f - Summon Ice Beast               Ice/Summoning                4
   Trog disapproves of the use of such an item.
Comestibles
 c - 12 bread rations
 f - 16 fruits
 r - 10 meat rations
 C - 10 royal jellies
 D - 3 beef jerkies
 K - 8 slices of pizza


   Skills:
 + Level 17.8(17.3) Fighting
 + Level 17.6(17.2) Axes
 + Level 17.9(17.4) Armour
 + Level 16.4(16.0) Dodging


You had 15 spell levels left.
You didn't know any spells.

Dungeon Overview and Level Annotations

Branches:
Dungeon (15/15)            Temple (0/1) D:7            Lair (6/6) D:9
 Shoals (0/4) Lair:4        Snake (0/4) Lair:2        Slime (0/5) Lair:6
    Orc (2/2) D:10            Elf (2/3) Orc:2        Vaults (0/5) D:13
 Depths (0/5) D:15

Altars:
Ashenzari
Cheibriados
Elyvilon
Hepliaklqana
Kikubaaqudgha
Makhleb
Nemelex Xobeh
Pakellas
Qazlal
Ru
Trog
Vehumet
Xom
Yredelemnul
Zin
The Shining One
Beogh

Shops:
D:7 *   D:8 *   D:10 !   D:13 (   Orc:2 *?%%

Portals:
Trove: D:15 (give +8 demon trident)

Annotations:
Elf:2 5 runed doors


Innate Abilities, Weirdness & Mutations

You reflexively headbutt those who attack you in melee.
You have a pair of horns on your head.


Message History

t - Shout!
Orders for allies: a - Attack new target. r - Retreat! s - Stop attacking. w - Wait here. f - Follow me.
Anything else - Stay silent.
Okay, then.
Blink to where?
Press: ? - help, Dir - move target cursor There's something in the way.
Okay, then.
Blink to where?
Press: ? - help, Dir - move target cursor You are very lightly contaminated with residual magic.
As you read the scroll of blinking, it crumbles to dust.
The deep elf knight casts a spell.
The deep elf knight seems to speed up.
As you read the scroll of teleportation, it crumbles to dust.
You feel strangely unstable.
The deep elf archer shoots an arrow.
The arrow hits you!
You die...

.># ######### ##.....## ..##
#.......# ##.......## ...#
#.......# ##.........# ...#
##.....## #........... ...#
#.....####........... ..##
##....'..'...........
..'##########'...#####......>....
###.##...##..##.### #...........
# ##'.......###.@.## ##.........#
# ##......#..#..#..####'.......#'
# #......###...###..##.##.....###
# #.......#.e...#.1.#'#####'### #
# #.........).........# #.# #
####....!..#####4#..### #.# # .#
##.....1.###.e.### ##'## # .##
##....#e.#.)#..# #...# #'##
##'.###..e###.# #...#


You could see an Ice Fiend and a deep elf archer.

Vanquished Creatures
  Saint Roka (Orc:2)
  Rupert (Orc:2)
  Gastronok (D:8)
  A sphinx (D:14)
  Kirke (Lair:5)
  Maud (Lair:6)
  An orc warlord (Orc:2)
  Louise (Elf:1)
  A deep elf sorcerer (Elf:2)
  A stone giant (D:6)
  Nessos (D:15)
  A deep elf demonologist (Elf:1)
  The ghost of tstbtto the Severer, a journeyman CeBe of Trog (D:11)
  The ghost of tstbtto the Severer, a journeyman CeBe of Trog (Lair:4)
  Azrael (Elf:1)
  Snorg (Lair:3)
  2 vault guards (D:13)
  3 hydras
  An ice dragon (Lair:6)
  Harold (Lair:2)
  A catoblepas (Lair:3)
  Erica (D:8)
  7 dancing weapons
  3 death yaks (Lair:2)
  Nergalle (Lair:1)
  5 orc high priests (Orc:2)
  Sonja (Lair:1)
  10 deep elf knights
  The ghost of tstbtto the Cleaver, a novice CeBe of Trog (D:11)
  3 wizards
  3 unseen horrors
  A lindwurm (Lair:6)
  8 hill giants
  Pikel (D:9)
  A necromancer (D:13)
  13 deep elf archers
  3 wolf spider zombies
  51 deep elf magi
  7 orc knights
  9 griffons
  A salamander (D:15)
  5 manticores
  2 ugly things
  4 cyclopes
  An elephant (shapeshifter) (D:14)
  Maurice (D:8)
  5 black mambas
  3 gargoyles
  2 orange demons (Elf:1)
  6 torpor snails
  2 centaur skeletons
  9 spiny frogs
  6 komodo dragons
  A kobold demonologist (D:11)
  A freezing wraith (D:15)
  3 rime drakes (Lair:6)
  6 trolls
  A two-headed ogre (shapeshifter) (D:10)
  A queen bee (Lair:1)
  5 giant leeches (Lair:6)
  A polar bear (Lair:6)
  A two-headed ogre (D:12)
  8 blink frogs
  A snapping turtle (shapeshifter) (D:15)
  4 slime creatures
  A boulder beetle (Lair:3)
  An air elemental (Elf:2)
  A redback (D:14)
  5 hogs (Lair:5)
  3 wyverns
  44 yaks
  5 fire elementals
  19 humans
  8 basilisks
  2 fire bats (Lair:6)
  A golden eye (shapeshifter) (D:15)
  14 hippogriffs
  A steam dragon (Lair:5)
  A hungry ghost (D:10)
  A mottled dragon (D:13)
  10 wargs
  7 nagas (Lair:2)
  A soldier ant (D:10)
  5 hell hounds (Elf:1)
  Duvessa (D:5)
  9 water moccasins
  7 porcupines
  45 orc warriors
  3 ice beasts
  4 wasps
  A black bear (Lair:2)
  2 eyes of draining
  2 slaves (D:9)
  6 sky beasts
  4 phantoms
  15 ogres
  A necrophage (D:10)
  12 wolves
  4 centaurs
  2 big kobolds
  15 crocodiles
  An elf zombie (Ossuary)
  24 giant frogs
  A gnoll sergeant (D:3)
  Dowan (D:5)
  4 earth elementals
  2 wyvern zombies
  2 wyvern skeletons
  6 scorpions
  11 wights
  26 killer bees
  2 troll zombies (D:10)
  3 electric eels
  3 vampire bats (D:5)
  11 howler monkeys
  3 jellies (D:12)
  A wasp zombie (D:9)
  2 giant frog zombies (D:12)
  8 crimson imps
  4 centaur zombies
  A human zombie (Ossuary)
  27 orc priests
  7 hounds
  2 giant frog skeletons
  12 iguanas
  33 orc wizards
  A hell rat (D:9)
  14 worker ants
  9 sheep
  A big kobold zombie (Ossuary)
  4 ogre zombies (D:10)
  2 hound zombies (Ossuary)
  A hound skeleton (D:4)
  3 mummies (Ossuary)
  2 worker ant zombies
  18 adders
  6 gnolls
  61 river rats
  5 shadow imps
  An ooze (D:3)
  3 adder zombies
  21 worms
  3 dart slugs
  5 giant geckos
  117 orcs
  4 bats
  3 bat skeletons (D:5)
  2 bat zombies (D:5)
  5 giant cockroaches
  3 gnoll zombies
  5 goblins
  5 hobgoblins
  19 jackals
  17 kobolds
  5 quokkas
  A giant gecko skeleton (D:5)
  3 giant newts
  5 goblin zombies
  2 hobgoblin skeletons (D:10)
  7 hobgoblin zombies
  4 jackal zombies (Ossuary)
  7 kobold zombies (Ossuary)
  2 orc skeletons (D:10)
  13 orc zombies
  2 quokka zombies (Ossuary)
  6 rats (D:2)
  4 rat zombies (Ossuary)
  11 fungi
  5 plants
1110 creatures vanquished.

Vanquished Creatures (others)
  An air elemental (Elf:1)
  A slave (D:9)
  2 river rats (Lair:6)
  A goblin (D:3)
  15 fungi
  28 plants
48 creatures vanquished.

Grand Total: 1158 creatures vanquished

Notes
Turn   | Place    | Note
--------------------------------------------------------------
     0 | D:1      | pk666 the Minotaur Berserker began the quest for the Orb.
     0 | D:1      | Reached XP level 1. HP: 19/19 MP: 0/0
    93 | D:1      | Reached XP level 2. HP: 27/27 MP: 1/1
   722 | D:2      | Reached XP level 3. HP: 17/33 MP: 2/2
   965 | D:2      | Reached ** piety under Trog
  1264 | D:2      | Reached XP level 4. HP: 40/40 MP: 3/3
  1406 | D:2      | Found a shimmering altar of Xom.
  1407 | D:2      | Found a hazy altar of Hepliaklqana.
  1407 | D:2      | Noticed a yak
  1408 | D:2      | Noticed a yak
  1408 | D:2      | Noticed a spectral ugly thing
  1577 | D:2      | Found a snail-covered altar of Cheibriados.
  1869 | D:3      | Noticed a gnoll sergeant
  2128 | D:3      | Found a bloodstained altar of Trog.
  2128 | D:3      | Found an oddly glowing altar of Pakellas.
  2210 | D:3      | Found a stormy altar of Qazlal.
  2371 | D:3      | Found a glowing golden altar of the Shining One.
  2525 | D:3      | Found a radiant altar of Vehumet.
  2553 | D:3      | Found a sacrificial altar of Ru.
  2603 | D:3      | Reached XP level 5. HP: 47/47 MP: 4/4
  2609 | D:3      | Reached *** piety under Trog
  2659 | D:3      | Reached skill level 5 in Fighting
  2975 | D:4      | Reached skill level 5 in Axes
  3126 | D:4      | Reached XP level 6. HP: 38/56 MP: 5/5
  3428 | D:4      | Found a basalt altar of Yredelemnul.
  3556 | D:4      | Reached skill level 5 in Armour
  3684 | D:4      | Reached XP level 7. HP: 57/62 MP: 6/6
  3782 | D:4      | Found a white marble altar of Elyvilon.
  4114 | D:5      | Entered Level 5 of the Dungeon
  4319 | D:5      | Reached skill level 5 in Dodging
  4418 | D:5      | Reached **** piety under Trog
  4418 | D:5      | Reached XP level 8. HP: 70/71 MP: 7/7
  4512 | D:5      | Found a sand-covered staircase.
  4516 | Ossuary  | Entered an ossuary
  4761 | D:5      | Noticed Duvessa
  4761 | D:5      | Noticed Dowan
  4772 | D:5      | Killed Duvessa
  4773 | D:5      | Killed Dowan
  4860 | D:5      | Found a shattered altar of Ashenzari.
  4971 | D:5      | Found an ancient bone altar of Kikubaaqudgha.
  5384 | D:6      | Found a burning altar of Makhleb.
  5790 | D:6      | Noticed a stone giant
  5800 | D:6      | Killed a stone giant
  5800 | D:6      | Reached XP level 9. HP: 9/82 MP: 8/8
  6618 | D:7      | Noticed a troll
  6655 | D:7      | Killed a troll
  7013 | D:7      | Found Ilumup's General Store.
  7026 | D:7      | Bought a scroll of noise for 13 gold pieces
  7496 | D:7      | Found a staircase to the Ecumenical Temple.
  7636 | D:7      | Reached XP level 10. HP: 74/91 MP: 9/9
  8020 | D:8      | Noticed Erica
  8038 | D:8      | Killed Erica
  8329 | D:8      | Reached ***** piety under Trog
  8433 | D:8      | Found Siraefoh's General Store.
  8436 | D:8      | Noticed Gastronok
  8436 | D:8      | Noticed Maurice
  8453 | D:8      | Reached skill level 10 in Fighting
  8457 | D:8      | Killed Gastronok
  8457 | D:8      | Reached skill level 10 in Axes
  8457 | D:8      | Reached skill level 10 in Armour
  8460 | D:8      | Received a gift from Trog
  8805 | D:8      | Killed Maurice
  9270 | D:9      | Reached XP level 11. HP: 101/101 MP: 1/10
  9731 | D:9      | Found a staircase to the Lair.
  9822 | D:9      | Noticed Pikel
  9829 | D:9      | Killed Pikel
 10004 | D:9      | Reached skill level 10 in Dodging
 10057 | D:9      | Found a glowing silver altar of Zin.
 10187 | Lair:1   | Entered Level 1 of the Lair of Beasts
 10224 | Lair:1   | Received a gift from Trog
 10484 | Lair:1   | Noticed Sonja
 10493 | Lair:1   | Killed Sonja
 10770 | Lair:1   | Found a shimmering altar of Xom.
 11086 | Lair:1   | Noticed Nergalle
 11092 | Lair:1   | Killed Nergalle
 11159 | Lair:1   | Got an encrusted scale mail
 11170 | Lair:1   | Identified the cursed +1 scale mail of Fashionability {+Blink Dex-4 SInv} (You found it on level 1 of the Lair of Beasts)
 11848 | Lair:1   | Reached XP level 12. HP: 109/112 MP: 9/11
 11938 | Lair:2   | Found a staircase to the Snake Pit.
 11947 | Lair:2   | Reached ****** piety under Trog
 12314 | Lair:2   | Noticed a death yak
 12315 | Lair:2   | Noticed a death yak
 12315 | Lair:2   | Noticed a death yak
 12330 | Lair:2   | Killed a death yak
 12331 | Lair:2   | Killed a death yak
 12333 | Lair:2   | Killed a death yak
 12651 | Lair:2   | Noticed Harold
 12659 | Lair:2   | Killed Harold
 14103 | Lair:3   | Received a gift from Trog
 14143 | Lair:3   | Noticed Snorg
 14154 | Lair:3   | Killed Snorg
 14375 | Lair:3   | Noticed a catoblepas
 14382 | Lair:3   | Killed a catoblepas
 14611 | Lair:4   | Found a staircase to the Shoals.
 14620 | Lair:4   | Reached XP level 13. HP: 51/122 MP: 7/12
 14910 | Lair:4   | Noticed tstbtto's ghost (journeyman CeBe)
 14921 | Lair:4   | Killed tstbtto's ghost
 16455 | Lair:5   | Noticed Kirke
 16472 | Lair:5   | Killed Kirke
 16486 | Lair:5   | Received a gift from Trog
 17144 | Lair:6   | Entered Level 6 of the Lair of Beasts
 17683 | Lair:6   | Found a staircase to the Slime Pits.
 18235 | Lair:6   | Noticed Maud
 18248 | Lair:6   | Killed Maud
 18699 | Lair:6   | Found a runed door.
 18897 | Lair:6   | Reached XP level 14. HP: 114/133 MP: 13/13
 20284 | D:10     | Entered Level 10 of the Dungeon
 20373 | D:10     | Received a gift from Trog
 20495 | D:10     | Reached skill level 15 in Fighting
 20757 | D:10     | Found a staircase to the Orcish Mines.
 20943 | D:10     | Found Orreack's Distillery.
 20947 | D:10     | Bought a potion of heal wounds for 75 gold pieces
 20947 | D:10     | Bought 2 potions of degeneration for 30 gold pieces
 21435 | D:10     | Found a roughly hewn altar of Beogh.
 21534 | Orc:1    | Entered Level 1 of the Orcish Mines
 22170 | Orc:1    | Reached skill level 15 in Armour
 22191 | Orc:1    | Received a gift from Trog
 22375 | Orc:1    | You fall through a shaft!
 22375 | Orc:2    | Entered Level 2 of the Orcish Mines
 22384 | Orc:2    | Noticed Saint Roka
 22392 | Orc:2    | Reached skill level 15 in Axes
 22420 | Orc:2    | Killed Saint Roka
 22721 | Orc:2    | Found a staircase to the Elven Halls.
 22786 | Orc:2    | Noticed an orc warlord
 22802 | Orc:2    | Killed an orc warlord
 22806 | Orc:2    | HP: 9/202 [poisoned by an orc warrior]
 22807 | Orc:2    | HP: 3/135 [poisoned by an orc warrior]
 23378 | Orc:2    | Noticed Rupert
 23396 | Orc:2    | Killed Rupert
 23946 | Orc:2    | Received a gift from Trog
 24863 | Orc:2    | Reached XP level 15. HP: 143/143 MP: 14/14
 25364 | Orc:2    | Found Cetwysergh's Magic Scroll Emporium.
 25367 | Orc:2    | Found Nougiub's Food Shoppe.
 25368 | Orc:2    | Found Zoen Wuich's Assorted Antiques.
 25369 | Orc:2    | Found Furchi's Food Emporium.
 25376 | Orc:2    | Bought a scroll of teleportation for 36 gold pieces
 25376 | Orc:2    | Bought a scroll of blinking for 90 gold pieces
 25605 | D:11     | Noticed tstbtto's ghost (journeyman CeBe)
 25616 | D:11     | Killed tstbtto's ghost
 26514 | D:11     | Found a stormy altar of Qazlal.
 26583 | D:11     | Noticed tstbtto's ghost (novice CeBe)
 26593 | D:11     | Killed tstbtto's ghost
 27380 | D:12     | Received a gift from Trog
 28089 | D:13     | Received a gift from Trog
 28121 | D:13     | Reached skill level 15 in Dodging
 28147 | D:13     | Found a gate to the Vaults.
 28487 | D:13     | Found Toaz's Antique Weapon Shoppe.
 28878 | D:14     | Found a sparkling altar of Nemelex Xobeh.
 29143 | D:14     | Noticed a sphinx
 29152 | D:14     | Paralysed by a sphinx for 5 turns
 29162 | D:14     | Killed a sphinx
 29198 | D:14     | Received a gift from Trog
 29730 | D:15     | Entered Level 15 of the Dungeon
 29921 | D:15     | Noticed Nessos
 29937 | D:15     | Killed Nessos
 30398 | D:15     | Found a portal to a secret trove of treasure.
 30924 | D:15     | Found a staircase to the Depths.
 31444 | Elf:1    | Entered Level 1 of the Elven Halls
 31569 | Elf:1    | Reached XP level 16. HP: 136/154 MP: 10/15
 31573 | Elf:1    | Received a gift from Trog
 32191 | Elf:1    | Noticed Azrael
 32195 | Elf:1    | Killed Azrael
 33105 | Elf:1    | Noticed Louise
 33121 | Elf:1    | Killed Louise
 33336 | Elf:1    | Received a gift from Trog
 36176 | Elf:2    | Found a huge runed gate.
 36176 | Elf:2    | Found a huge runed gate.
 36176 | Elf:2    | Found a huge runed gate.
 36179 | Elf:2    | Found a huge runed gate.
 36179 | Elf:2    | Found a huge runed gate.
 36272 | Elf:2    | Received a gift from Trog
 37756 | Elf:2    | Noticed an Ice Fiend
 37758 | Elf:2    | Noticed an Ice Fiend
 37768 | Elf:2    | Shot with an arrow by a deep elf archer

Vault maps used:
D:1:      dpeg_arrival_lava_altar, hangedman_decor_growths,
          roderic_roman_lattice
D:2:      regret_index_temple_of_mockery, nicolae_overflow_crystal_walls
D:3:      grunt_temple_overflow_open, lemuel_doored_altar,
          nicolae_qazlal_general_emergency, lemuel_coloured_pillars_altar,
          fiery_altar_vehumet
D:4:      elyvilon_altar_3, lemuel_zombie_altar_yredelemnul, first_bread,
          corner_web_ring
D:5:      cheibrodos_ashenzari_chains, kennysheep_vampire_church,
          nicolae_ossuary_entry_false_entrances, uniq_duvessa
D:6:      makhleb_heckhound_becter, minmay_three_doors
D:7:      minmay_temple_entry_enclosed_plants, serial_shops,
          nicolae_shop_statue_plus, grunt_livestock
D:8:      serial_shops, nicolae_shop_crystal, uniq_erica, uniq_gastronok,
          uniq_maurice
D:9:      nicolae_overflow_hidden_temple, dpeg_lair_monsters, uniq_pikel
D:10:     zombieorc1_lemuel, serial_shops, nicolae_shop_stone, special_room,
          minivault_28
D:11:     basic_altar
D:12:     lemuel_ice_spiral_2, serial_column_ruins, column_ruins_open_medium,
          column_ruins_corridor_dead_end, column_ruins_columns_straight,
          column_ruins_corridor_straight, column_ruins_open_small,
          column_ruins_open_medium, column_ruins_grid_1
D:13:     grunt_vaults_entry_tiered, serial_shops, nicolae_shop_behind_doors
D:14:     hourglass_vault, amethyst_killhole, nemelex_xobeh_ov_fountains_minmay
D:15:     hangedman_depths_entry_try_elsewhere_first, enter_trove_3,
          grunt_decor_cap, uniq_nessos
Lair:1:   special_room, basic_altar, lemuel_another_geyser, grunt_megastairs_1,
          lemuel_fruit_tree, infiniplex_staircase_pool, lemuel_fruit_fields,
          uniq_nergalle, uniq_sonja
Lair:2:   minmay_snake_entry_guardpost_large, hibernation_bobbens,
          grunt_megastairs_5, uniq_harold
Lair:3:   serial_bayou_shore_b, bh_autumn_forest_stairs, serial_bayou_shore_a,
          uniq_snorg
Lair:4:   minmay_shoals_entry_beasts
Lair:5:   bobbens_dragon_lair_wall, uniq_kirke
Lair:6:   wormcave, slime_dummy, grunt_megastairs_2, uniq_maud
Orc:1:    nooodl_orcs_dogs
Orc:2:    st_orc_pillars, uniq_saint_roka, uniq_rupert
Elf:1:    minmay_elf_arrival_circle, mu_enter_wizlab_6,
          portal_ice_cave_entry_pillars_2, minivault_28,
          einodemon_barbed_minivault, uniq_azrael, uniq_louise
Elf:2:    minmay_strange_pillars, elves_outpost_lemuel
Ossuary:  minmay_ossuary_two_tombs

Skill      XL: |  1  2  3  4  5  6  7  8  9 10 11 12 13 14 15 16 |
---------------+-------------------------------------------------+-----
Armour         | 3 4 5 6 8 9 10 11 13 14 15 16 17 | 17.9
Fighting       | 4 5 6 8 9 10 12 13 14 15 16 17 | 17.8
Axes           | 4 5 6 8 9 10 11 13 14 15 16 17 | 17.6
Dodging        | 3 4 5 7 8 9 11 12 13 14 15 16 | 16.4

Action                   |  1- 3 |  4- 6 |  7- 9 | 10-12 | 13-15 | 16-18 || total
-------------------------+-------+-------+-------+-------+-------+-------++-------
Melee: Hand axe          |    63 |    15 |       |       |       |       ||    78
       Headbutt          |     8 |    10 |    62 |   103 |   287 |    62 ||   532
       War axe           |       |    84 |   300 |    72 |       |       ||   456
       Executioner's axe |       |       |       |   348 |  1148 |   332 ||  1828
Invok: Berserk           |       |     2 |     6 |    14 |    24 |     3 ||    49
       Burn Spellbooks   |       |       |       |     3 |     3 |       ||     6
       Trog's Hand       |       |       |       |       |     1 |       ||     1
Evoke: Wand              |       |       |       |       |     2 |       ||     2
  Use: Scroll            |       |       |     3 |    13 |    22 |     6 ||    44
       Potion            |       |       |       |       |     3 |     3 ||     6
 Stab: Distracted        |       |       |       |       |       |     2 ||     2
  Eat: Chunk             |     1 |     9 |    16 |    27 |    98 |    25 ||   176
       Fruit             |       |     1 |       |     4 |     3 |       ||     8
       Royal jelly       |       |       |     1 |       |       |       ||     1
       Pizza             |       |       |       |     1 |     1 |       ||     2
       Meat ration       |       |       |       |     1 |       |       ||     1
Armor: Animal skin       |     8 |     6 |       |       |       |       ||    14
       Ring mail         |       |    26 |       |       |       |       ||    26
       Chain mail        |       |       |   172 |   323 |   476 |       ||   971
       Plate armour      |       |       |       |       |   218 |   260 ||   478
Dodge: Dodged            |    52 |    71 |   185 |   388 |   986 |   286 ||  1968
